 Dungeon Crawl Stone Soup version 0.27-a0-1590-g15f69828bf (webtiles) character file.

Game seed: 10519737814042990103

2463 bigjeff5 the Basher (level 9, -9/74 HPs)
             Began as a Minotaur Berserker on July 16, 2021.
             Was a Priest of Trog.
             Killed from afar by an electric eel (12 damage)
             ... with a bolt of electricity
             ... on level 6 of the Dungeon on July 19, 2021.
             The game lasted 01:01:53 (6821 turns).

bigjeff5 the Basher (Minotaur Berserker)            Turns: 6821, Time: 01:01:54

Health: -9/74      AC: 12    Str: 27    XL:     9   Next: 26%
Magic:  8/8        EV:  9    Int:  4    God:    Trog [***...]
Gold:   118        SH: 11    Dex: 14    Spells: 8/8 levels left

rFire    . . .     SeeInvis .   g - +0 whip
rCold    + . .     Faith    .   y - +0 buckler
rNeg     . . .     Spirit   .   t - +3 chain mail {rPois}
rPois    +         Reflect  +   (helmet restricted)
rElec    .         Harm     .   (no cloak)
rCorr    .         Rampage  .   (no gloves)
Will     ++...                  (no boots)
Stlth    ..........             s - amulet of reflection
HPRegen  1.22/turn              n - +6 ring of strength
MPRegen  0.11/turn              B - ring of protection from cold

@: strong-willed, regenerating
A: horns 2, retaliatory headbutt
a: Renounce Religion, Berserk, Trog's Hand


You were on level 6 of the Dungeon.
You worshipped Trog.
Trog was most pleased with you.
You visited 1 branch of the dungeon, and saw 6 of its levels.

You collected 260 gold pieces.
You spent 142 gold pieces at shops.

Inventory:

Hand Weapons
 e - a +1 dire flail of draining
 g - a +0 whip (weapon)
Missiles
 d - 8 poisoned darts (quivered)
Armour
 t - a +3 chain mail of poison resistance (worn)
 y - a +0 buckler (worn)
 z - a +2 ring mail of fire resistance
Jewellery
 n - a +6 ring of strength (left hand)
 s - an amulet of reflection (around neck)
 B - a ring of protection from cold (right hand)
Wands
 o - a wand of digging (2)
 x - a wand of mindburst (5)
Scrolls
 b - 2 scrolls of enchant weapon {unknown}
 c - a scroll of noise {unknown}
 f - 2 scrolls of holy word {unknown}
 h - 6 scrolls of teleportation
 p - a scroll of fear {unknown}
 q - 2 scrolls of vulnerability {unknown}
 u - a scroll of fog {unknown}
 v - 2 scrolls of enchant armour
 A - a scroll of amnesia {unknown}
Potions
 a - a potion of berserk rage {unknown}
 i - a potion of resistance {unknown}
 j - 2 potions of might
 k - 2 potions of curing
 l - 2 potions of attraction
 m - a potion of flight {unknown}
 r - a potion of heal wounds
 w - a potion of mutation {unknown}


   Skills:
 + Level 5.3 Fighting
 - Level 12.0 Maces & Flails
 + Level 4.5 Armour
 - Level 2.9 Dodging
 + Level 7.1 Shields


You had 8 spell levels left.
You didn't know any spells.
Your spell library was empty.

Dungeon Overview and Level Annotations

Branches:
Dungeon (6/15)
 Temple: D:4-7

Altars:
Dithmenos
Gozag
Makhleb
Okawaru
Qazlal
Sif Muna
The Shining One

Shops:
D:1 [*(*:


Innate Abilities, Weirdness & Mutations

You have a pair of horns on your head.
You reflexively headbutt those who attack you in melee.


Message History

The electric eel shoots out a bolt of lightning at you!
The bolt of electricity hits the electric eel.
The electric eel completely resists.
The bolt of electricity hits you!
There is an open door here.
The electric eel shoots out a bolt of lightning at you!
The bolt of electricity hits the electric eel.
The electric eel completely resists.
The bolt of electricity hits you!
The electric eel shoots out a bolt of lightning at you!
The bolt of electricity hits you!
The electric eel shoots out a bolt of lightning at you!
The bolt of electricity hits you!
The electric eel shoots out a bolt of lightning at you!
The bolt of electricity hits you!
The bolt of electricity hits the plant!
The plant begins to die.
Your skin crawls.
You feel strong-willed.
You can no longer call in reinforcements.
The electric eel shoots out a bolt of lightning at you!
The bolt of electricity hits you!
* * * LOW HITPOINT WARNING * * *
The electric eel shoots out a bolt of lightning at you!
The bolt of electricity misses you.
The bolt of electricity hits the plant!
The electric eel shoots out a bolt of lightning at you!
The bolt of electricity hits you!
* * * LOW HITPOINT WARNING * * *
The bolt of electricity hits the plant.
The electric eel shoots out a bolt of lightning at you!
The bolt of electricity misses you.
The electric eel shoots out a bolt of lightning at you!
The bolt of electricity hits you.
* * * LOW HITPOINT WARNING * * *
The electric eel shoots out a bolt of lightning at you!
The bolt of electricity hits the electric eel.
The electric eel completely resists.
The bolt of electricity hits the plant!
The plant begins to die.
The bolt of electricity hits you.
* * * LOW HITPOINT WARNING * * *
A nearby plant withers and dies.
The electric eel shoots out a bolt of lightning at you!
The bolt of electricity hits you!
You die...

....#.# .. .P≈?≈##'##
...##.# .# .≈.$≈≈#.# #..##.#
.# ..≈≈:;#.#
#..##.#########≈# .P..≈≈#≈#
#............#≈≈# ..).≈##≈#
#####.########≈##########≈##
#.# #..#..P$.≈##≈## #.#
#.#'..PP;;≈#≈# # #.#
#.#.@...);≈#(# ## #.#
###≈#...≈≈.≈≈#.# .#
#.#####.#≈##..P.$≈##.# .#
#.##...###.########≈## .#
#.##.##.###...≈≈≈≈≈##
.####.#...##.###########
........#....#
.#.####...#### .#.# ##.##


You could see 3 electric eels.

Vanquished Creatures
  Sigmund (D:2)
  A yak (D:6)
  Edmund (D:6)
  An orc warrior (D:5)
  Duvessa (D:4)
  4 black bears
  A necrophage (D:5)
  2 ice beasts (D:6)
  3 centaurs
  A kobold brigand (D:6)
  A gnoll sergeant (D:5)
  3 scorpions
  A bullfrog (D:3)
  Dowan (D:4)
  A water moccasin zombie (D:4)
  3 centaur zombies
  An orc priest (D:4)
  A hound (D:3)
  A bullfrog skeleton (D:6)
  An orc wizard (D:5)
  2 hound skeletons (D:5)
  Robin (D:2)
  A howler monkey skeleton (D:5)
  3 gnolls (D:5)
  7 adders
  3 white imps
  An ufetubus (D:5)
  3 worms
  3 dart slugs
  11 orcs
  3 ball pythons
  9 bats
  9 endoplasms
  A giant cockroach (D:3)
  15 goblins
  11 hobgoblins
  9 jackals
  14 kobolds
  3 quokkas
  6 frilled lizards
  5 rats
150 creatures vanquished.

Vanquished Creatures (others)
  7 fungi (D:2)
  7 plants
14 creatures vanquished.

Grand Total: 164 creatures vanquished

Notes
Turn   | Place    | Note
-------+----------+-------------------------------------------
     0 | D:1      | bigjeff5 the Minotaur Berserker began the quest for the
                  | Orb.
     0 | D:1      | Reached XP level 1. HP: 19/19 MP: 0/0
    51 | D:1      | Reached skill level 4 in Maces & Flails
   211 | D:1      | Reached XP level 2. HP: 26/26 MP: 1/1
   219 | D:1      | Found Vumu's Assorted Antiques.
   397 | D:1      | Found Omip's Assorted Antiques.
   403 | D:1      | Found Yxidov's Antique Weapon Emporium.
   449 | D:1      | Found Taamupn's Book Shoppe.
   514 | D:1      | Reached skill level 5 in Maces & Flails
   595 | D:1      | Reached ** piety under Trog
   649 | D:1      | Found Ettauw's Armour Boutique.
   656 | D:1      | Reached XP level 3. HP: 31/31 MP: 2/2
  1086 | D:2      | Noticed Robin
  1314 | D:2      | Killed Robin
  1371 | D:2      | Reached skill level 6 in Maces & Flails
  1371 | D:2      | Reached XP level 4. HP: 36/39 MP: 3/3
  1480 | D:2      | Noticed Sigmund
  1491 | D:2      | Killed Sigmund
  1492 | D:2      | Reached skill level 8 in Maces & Flails
  1492 | D:2      | Reached XP level 5. HP: 45/45 MP: 4/4
  1789 | D:2      | Found a faded altar of an unknown god.
  2112 | D:3      | Reached XP level 6. HP: 51/51 MP: 5/5
  3066 | D:4      | Reached skill level 9 in Maces & Flails
  3133 | D:4      | Reached *** piety under Trog
  3475 | D:4      | Reached XP level 7. HP: 57/57 MP: 6/6
  3658 | D:4      | Noticed Duvessa
  3670 | D:4      | Killed Duvessa
  3671 | D:4      | Reached skill level 10 in Maces & Flails
  3732 | D:4      | Noticed Dowan
  3747 | D:4      | Killed Dowan
  3824 | D:4      | Found a shimmering blue altar of Sif Muna.
  4038 | D:4      | Found an iron altar of Okawaru.
  4421 | D:1      | Bought a runed chain mail for 142 gold pieces
  4519 | D:5      | Entered Level 5 of the Dungeon
  4656 | D:5      | Reached skill level 11 in Maces & Flails
  4740 | D:5      | Reached XP level 8. HP: 56/64 MP: 7/7
  5129 | D:5      | Reached skill level 12 in Maces & Flails
  5540 | D:6      | Reached skill level 1 in Shields
  5667 | D:6      | Reached skill level 5 in Shields
  5725 | D:6      | Noticed Edmund
  5744 | D:6      | Killed Edmund
  5776 | D:6      | Upgraded the game from 0.27-a0-1557-g57f10a385c to
                  | 0.27-a0-1590-g15f69828bf
  6171 | D:6      | Reached XP level 9. HP: 59/72 MP: 8/8
  6431 | D:6      | Found a shadowy altar of Dithmenos.
  6448 | D:6      | Found a glowing golden altar of the Shining One.
  6453 | D:6      | Found a stormy altar of Qazlal.
  6456 | D:6      | Found an opulent altar of Gozag.
  6518 | D:6      | Found a burning altar of Makhleb.
  6551 | D:6      | Reached **** piety under Trog
  6552 | D:6      | Reached skill level 5 in Fighting
  6820 | D:6      | HP: 2/74 [electric eel/bolt of electricity (6)]
  6821 | D:6      | Killed from afar by an electric eel

Illustrated notes

Levels and vault maps discovered:
D:1:      dpeg_arrival_round_a, layout_basic, serial_shops,
          nicolae_lakefront_shop, nicolae_diamond_shop,
          nicolae_shop_window_shopping, shop, shop_statue
D:2:      layout_loops_ring, dreamdust_ecumenical_altar_grove, uniq_robin,
          uniq_sigmund
D:3:      layout_basic
D:4:      layout_loops_corners, pf_just_have_faith,
          nicolae_sif_muna_condensation, kennysheep_generic_room_8, uniq_duvessa
D:5:      layout_loops_ring, minmay_misc_feat_square
D:6:      cheibrodos_two_vegetables, layout_loops_ring,
          mainiacjoe_overflow_paths, grunt_temple_overflow_cloverleaf,
          kennysheep_generic_room_9, uniq_edmund

Skill      XL: |  1  2  3  4  5  6  7  8  9 |
---------------+----------------------------+-----
Maces & Flails | 4 5 6 8 9 11 12 | 12.0
Fighting       | 4 5 |  5.3
Armour         | 3 4 |  4.5
Shields        | 6 7 |  7.1
Dodging        | |  2.9

Action                   |  1- 3 |  4- 6 |  7- 9 || total
-------------------------+-------+-------+-------++-------
Melee: Mace              |    10 |       |       ||    10
       Headbutt          |    14 |    19 |    72 ||   105
       Whip              |    75 |   108 |   280 ||   463
Throw: Javelin           |     5 |     1 |     8 ||    14
Invok: Trog's Hand       |     2 |     2 |     2 ||     6
       Berserk           |       |     3 |     3 ||     6
  Use: Scroll            |       |       |     6 ||     6
Armor: Animal skin       |     2 |       |       ||     2
       Ring mail         |    34 |    25 |     3 ||    62
       Leather armour    |     1 |       |       ||     1
       Chain mail        |       |       |    59 ||    59
Dodge: Dodged            |    47 |    49 |    60 ||   156
Block: Other             |       |       |    14 ||    14
       Buckler           |       |       |    47 ||    47
       Reflection        |       |       |     3 ||     3

Table legend: (Time is in decaauts)
 A = Elapsed time spent in this place.
 B = Non-inter-level travel time spent in this place.
 C = Inter-level travel time spent in this place.
 D = Time resting spent in this place.
 E = Time spent auto-exploring this place.
 F = Levels seen in this place.
 G = Mean time per level.
                   A        B        C        D        E       F      G
               +--------+--------+--------+--------+--------+-----+--------+
         Total |   6728 |   6447 |    281 |   1477 |   3163 |   6 | 1121.3 |
       Dungeon |   6728 |   6447 |    281 |   1477 |   3163 |   6 | 1121.3 |
               +--------+--------+--------+--------+--------+-----+--------+

Top non-repeatable levels by time:
     D:4: 1429 daAuts
     D:6: 1233 daAuts
     D:1: 1165 daAuts
     D:3: 995 daAuts
     D:5: 978 daAuts
     D:2: 926 daAuts
